TOP OF THE 1ST |
Vancouver Vipers batting - Pitching for Santa Monica Bruins : RHP Armand Calazzo
|
Pitching: RHP Armand Calazzo
|
|
Batting: RHB Clint Younger
|
0-0: Ball 1-0: Foul Ball, location: 2F 1-1: Called Strike 1-2: Strikes out swinging
|
Batting: RHB Axel Guimont
|
0-0: Ball 1-0: SOLO HOME RUN (Flyball, 8LXD), Distance : 427 ft
|
Batting: LHB Mike Williams
|
0-0: SINGLE (Groundball, 4MD)
|
Batting: LHB Nick English
|
0-0: Ball 1-0: Ball 2-0: Ball 3-0: Called Strike 3-1: Called Strike 3-2: Foul Ball, location: 2F 3-2: Foul Ball, location: 2F 3-2: Base on Balls Mike Williams to second
|
Batting: RHB Walton Smith
|
0-0: Ball 1-0: Called Strike 1-1: Ball 2-1: Swinging Strike 2-2: Foul Ball, location: 2F 2-2: Foul Ball, location: 2F 2-2: Ball 3-2: SINGLE (Groundball, 6D) Mike Williams to third Nick English to second Mike Williams scores Nick English to third
|
Batting: RHB Marvin Workman
|
0-0: Fly out, F8 (Flyball, 89M) Runner from 3rd tags up, SCORES, no throw
|
Batting: LHB Stan Bates
|
0-0: Fielders Choice at 2nd, 4-6 (Groundball, 34D)
|
Top of the 1st over - 3 run(s), 3 hit(s), 0 error(s), 0 left on base; Vancouver 3 - Santa Monica 0 |
BOTTOM OF THE 1ST |
Santa Monica Bruins batting - Pitching for Vancouver Vipers : RHP Ben Evans
|
Pitching: RHP Ben Evans
|
|
Batting: RHB Ernest Russell
|
0-0: Ground out 6-3 (Groundball, 6)
|
Batting: LHB Ethan Shaw
|
0-0: SINGLE (Groundball, 3D)
|
Batting: SHB Zach Franks
|
0-0: Ball 1-0: Ball 2-0: Called Strike 2-1: Foul Ball, location: 2F 2-2: SINGLE (Line Drive, 9S) Ethan Shaw to second
|
Batting: LHB Ken Phillips
|
0-0: Called Strike 0-1: Called Strike 0-2: Fly out, F8 (Line Drive, 8RM)
|
Batting: SHB Ken Hernández
|
0-0: Ball 1-0: SINGLE (Flyball, 8LS) Ethan Shaw to third Zach Franks to second Runner from 3rd tries for Home, SAFE, no throw
|
Batting: RHB Jake Reeves
|
0-0: Ball 1-0: Called Strike 1-1: Ball 2-1: Called Strike 2-2: Fly out, F7 (Flyball, 7)
|
Bottom of the 1st over - 1 run(s), 3 hit(s), 0 error(s), 2 left on base; Vancouver 3 - Santa Monica 1 |
TOP OF THE 2ND |
Vancouver Vipers batting - Pitching for Santa Monica Bruins : RHP Armand Calazzo
|
Batting: RHB Quincy Vance
|
0-0: Ball 1-0: Ball 2-0: Ball 3-0: Base on Balls
|
Batting: RHB Lorenzo González
|
0-0: Called Strike 0-1: Foul Ball, location: 2F 0-2: Foul Ball, location: 2F 0-2: Strikes out looking
|
Batting: RHB Clint Younger
|
0-0: Called Strike 0-1: SINGLE (Line Drive, 8RS) Quincy Vance to second
|
Batting: RHB Axel Guimont
|
0-0: Swinging Strike 0-1: Called Strike 0-2: Ball 1-2: Strikes out swinging
|
Batting: LHB Mike Williams
|
0-0: Ball 1-0: Called Strike 1-1: Ball 2-1: Foul Ball, location: 2F 2-2: Ball 3-2: Strikes out swinging
|
Top of the 2nd over - 0 run(s), 1 hit(s), 0 error(s), 2 left on base; Vancouver 3 - Santa Monica 1 |
BOTTOM OF THE 2ND |
Santa Monica Bruins batting - Pitching for Vancouver Vipers : RHP Ben Evans
|
Batting: SHB Adrián Nieto
|
0-0: Ball 1-0: Foul Ball, location: 2F 1-1: SINGLE (Line Drive, 6MD)
|
Batting: RHB Bonifacio Torres
|
0-0: Called Strike 0-1: Foul Ball, location: 2F 0-2: SINGLE (Flyball, 8LS) Adrián Nieto to second Runner from 2nd tries for 3rd, SAFE, throw made to third
|
Batting: RHB John Nelson
|
0-0: Called Strike 0-1: SINGLE (Line Drive, 56D) Adrián Nieto scores Bonifacio Torres to second
|
Batting: RHB Ernest Russell
|
0-0: SINGLE (Groundball, 56S) (infield hit) Bonifacio Torres to third John Nelson to second
|
Batting: LHB Ethan Shaw
|
0-0: Fly out, F4 (Line Drive, 4M)
|
Batting: SHB Zach Franks
|
0-0: Ball 1-0: Ball 2-0: Called Strike 2-1: Called Strike 2-2: DOUBLE (Flyball, 7D) Bonifacio Torres scores John Nelson scores Ernest Russell to third Runner from 3rd tries for Home, SAFE, throw made at trailing runner, OUT at third!
|
Batting: LHB Ken Phillips
|
0-0: Foul Ball, location: 2F 0-1: Ball 1-1: Ball 2-1: Foul Ball, location: 2F 2-2: Foul Ball, location: 2F 2-2: Strikes out swinging
|
Bottom of the 2nd over - 4 run(s), 5 hit(s), 0 error(s), 0 left on base; Vancouver 3 - Santa Monica 5 |
TOP OF THE 3RD |
Vancouver Vipers batting - Pitching for Santa Monica Bruins : RHP Armand Calazzo
|
Batting: LHB Nick English
|
0-0: Swinging Strike 0-1: Called Strike 0-2: Ground out U3 (Groundball, 34)
|
Batting: RHB Walton Smith
|
0-0: Ball 1-0: Swinging Strike 1-1: Swinging Strike 1-2: Foul Ball, location: 2F 1-2: Ball 2-2: SINGLE (Groundball, 34D)
|
Batting: RHB Marvin Workman
|
0-0: Fly out, F8 (Flyball, 8RXD)
|
Batting: LHB Stan Bates
|
0-0: Ball 1-0: Called Strike 1-1: Ball 2-1: SINGLE (Groundball, 15S) (infield hit) Walton Smith to second
|
Batting: RHB Quincy Vance
|
0-0: Ball 1-0: SINGLE (Groundball, 56D) Walton Smith to third Stan Bates to second Runner from 3rd tries for Home, SAFE, no throw
|
Batting: RHB Lorenzo González
|
0-0: Called Strike 0-1: Ball 1-1: Swinging Strike 1-2: Strikes out swinging
|
Top of the 3rd over - 1 run(s), 3 hit(s), 0 error(s), 2 left on base; Vancouver 4 - Santa Monica 5 |
BOTTOM OF THE 3RD |
Santa Monica Bruins batting - Pitching for Vancouver Vipers : RHP Ben Evans
|
Batting: SHB Ken Hernández
|
0-0: Called Strike 0-1: Ground out 6-3 (Groundball, 6)
|
Batting: RHB Jake Reeves
|
0-0: Ball 1-0: Foul Ball, location: 2F 1-1: Foul Ball, location: 2F 1-2: Foul Ball, location: 2F 1-2: SINGLE (Line Drive, 7LM)
|
Batting: SHB Adrián Nieto
|
0-0: Ball 1-0: Called Strike 1-1: Called Strike 1-2: Ball 2-2: 2-RUN HOME RUN (Flyball, 89XD), Distance : 397 ft
|
Pitching: RHP José González
|
|
Batting: RHB Bonifacio Torres
|
0-0: Ball 1-0: Ball 2-0: Foul Ball, location: 2F 2-1: Foul Ball, location: 2F 2-2: Ground out 6-3 (Groundball, 6)
|
Batting: RHB John Nelson
|
0-0: Ball 1-0: SINGLE (Groundball, 34S) (infield hit)
|
Batting: RHB Ernest Russell
|
0-0: Ball 1-0: Fly out, F7 (Flyball, 78S)
|
Bottom of the 3rd over - 2 run(s), 3 hit(s), 0 error(s), 1 left on base; Vancouver 4 - Santa Monica 7 |
TOP OF THE 4TH |
Vancouver Vipers batting - Pitching for Santa Monica Bruins : RHP Armand Calazzo
|
Batting: RHB Clint Younger
|
0-0: Called Strike 0-1: Foul Ball, location: 2F 0-2: Ball 1-2: Ball 2-2: Ball 3-2: Strikes out looking
|
Batting: RHB Axel Guimont
|
0-0: Swinging Strike 0-1: Foul Ball, location: 2F 0-2: Ball 1-2: Foul Ball, location: 2F 1-2: Ball 2-2: Foul Ball, location: 2F 2-2: Strikes out looking
|
Batting: LHB Mike Williams
|
0-0: Swinging Strike 0-1: Ball 1-1: Swinging Strike 1-2: Strikes out looking
|
Top of the 4th over - 0 run(s), 0 hit(s), 0 error(s), 0 left on base; Vancouver 4 - Santa Monica 7 |
BOTTOM OF THE 4TH |
Santa Monica Bruins batting - Pitching for Vancouver Vipers : RHP José González
|
Batting: LHB Ethan Shaw
|
0-0: Called Strike 0-1: DOUBLE (Line Drive, 8RXD)
|
Batting: SHB Zach Franks
|
0-0: Fly out, F8 (Flyball, 8RD) Runner from 2nd tags up, SAFE at 3rd, no throw
|
Batting: LHB Ken Phillips
|
0-0: Ball 1-0: Foul Ball, location: 2F 1-1: Ball 2-1: Ground out U3 (Groundball, 34) Ethan Shaw scores
|
Batting: SHB Ken Hernández
|
0-0: Ball 1-0: Swinging Strike 1-1: Foul Ball, location: 2F 1-2: Ball 2-2: Ball 3-2: SINGLE (Groundball, 56D)
|
Batting: RHB Jake Reeves
|
0-0: Swinging Strike 0-1: Foul Ball, location: 2F 0-2: Foul Ball, location: 2F 0-2: Ball 1-2: Fly out, F8 (Flyball, 8RM)
|
Bottom of the 4th over - 1 run(s), 2 hit(s), 0 error(s), 1 left on base; Vancouver 4 - Santa Monica 8 |
TOP OF THE 5TH |
Vancouver Vipers batting - Pitching for Santa Monica Bruins : RHP Armand Calazzo
|
Pitching: RHP Scotty Johnson
|
|
Batting: LHB Nick English
|
0-0: Called Strike 0-1: Ball 1-1: Ground out 4-3 (Groundball, 4MS)
|
Batting: RHB Walton Smith
|
0-0: Swinging Strike 0-1: Called Strike 0-2: Ball 1-2: Foul Ball, location: 2F 1-2: Ball 2-2: Hit by Pitch
|
Batting: RHB Marvin Workman
|
0-0: Fly out, F9 (Flyball, 9)
|
Batting: LHB Stan Bates
|
0-0: Ball 1-0: Ball 2-0: Foul Ball, location: 2F 2-1: Foul Ball, location: 2F 2-2: Ball 3-2: Foul Ball, location: 2F 3-2: SINGLE (Line Drive, 6D) Walton Smith to second Walton Smith to third
|
Batting: RHB Quincy Vance
|
0-0: Fly out, F7 (Line Drive, 7LM)
|
Top of the 5th over - 0 run(s), 1 hit(s), 0 error(s), 2 left on base; Vancouver 4 - Santa Monica 8 |
BOTTOM OF THE 5TH |
Santa Monica Bruins batting - Pitching for Vancouver Vipers : RHP José González
|
Batting: SHB Adrián Nieto
|
0-0: Ball 1-0: Ball 2-0: Foul Ball, location: 2F 2-1: Ground out 4-3 (Groundball, 4)
|
Batting: RHB Bonifacio Torres
|
0-0: Foul Ball, location: 2F 0-1: Called Strike 0-2: Ground out 4-3 (Groundball, 4)
|
Batting: RHB John Nelson
|
0-0: Swinging Strike 0-1: Foul Ball, location: 2F 0-2: Strikes out swinging
|
Bottom of the 5th over - 0 run(s), 0 hit(s), 0 error(s), 0 left on base; Vancouver 4 - Santa Monica 8 |
TOP OF THE 6TH |
Vancouver Vipers batting - Pitching for Santa Monica Bruins : RHP Scotty Johnson
|
Batting: RHB Lorenzo González
|
0-0: Called Strike 0-1: Ball 1-1: Called Strike 1-2: Ball 2-2: Foul Ball, location: 2F 2-2: Ball 3-2: Fly out, F9 (Flyball, 9LM)
|
Batting: RHB Clint Younger
|
0-0: DOUBLE (Groundball, 5L)
|
Pinch Runner at 2nd Brian Ford:
|
|
Batting: RHB Axel Guimont
|
0-0: Ball 1-0: Called Strike 1-1: Foul Ball, location: 2F 1-2: Foul Ball, location: 2F 1-2: Ball 2-2: Foul Ball, location: 2F 2-2: Strikes out swinging
|
Batting: LHB Mike Williams
|
0-0: Called Strike 0-1: Called Strike 0-2: Fly out, F7 (Flyball, 78S)
|
Top of the 6th over - 0 run(s), 1 hit(s), 0 error(s), 1 left on base; Vancouver 4 - Santa Monica 8 |
BOTTOM OF THE 6TH |
Santa Monica Bruins batting - Pitching for Vancouver Vipers : RHP José González
|
Now at 2B: Brian Ford
|
|
Batting: RHB Ernest Russell
|
0-0: SINGLE (Groundball, 4MD)
|
Batting: LHB Ethan Shaw
|
0-0: Ball 1-0: Ball 2-0: Swinging Strike 2-1: Called Strike 2-2: Foul Ball, location: 2F 2-2: SINGLE (Groundball, 56D) Ernest Russell to second
|
Batting: SHB Zach Franks
|
0-0: Called Strike 0-1: Foul Ball, location: 2F 0-2: Foul Ball, location: 2F 0-2: Fielders Choice at 2nd, 3-6 (Groundball, 34) Ernest Russell to third
|
Batting: LHB Ken Phillips
|
0-0: Called Strike 0-1: Fly out, F9 (Flyball, 89S) Runner from 3rd tags up, SCORES, throw made
|
Pitching: RHP Mark Greene
|
|
Batting: SHB Ken Hernández
|
0-0: Ball 1-0: Called Strike 1-1: Called Strike 1-2: Ball 2-2: 2-RUN HOME RUN (Flyball, 89XD), Distance : 406 ft
|
Batting: RHB Jake Reeves
|
0-0: Ball 1-0: Ball 2-0: Ball 3-0: Called Strike 3-1: Called Strike 3-2: Base on Balls
|
Batting: SHB Adrián Nieto
|
0-0: SINGLE (Flyball, 6MD) Jake Reeves to second
|
Batting: RHB Bonifacio Torres
|
0-0: Called Strike 0-1: Fly out, F9 (Flyball, 89M)
|
Bottom of the 6th over - 3 run(s), 4 hit(s), 0 error(s), 2 left on base; Vancouver 4 - Santa Monica 11 |
TOP OF THE 7TH |
Vancouver Vipers batting - Pitching for Santa Monica Bruins : RHP Scotty Johnson
|
Batting: LHB Nick English
|
0-0: Ball 1-0: SINGLE (Line Drive, 9S)
|
Batting: RHB Walton Smith
|
0-0: Foul Ball, location: 2F 0-1: Called Strike 0-2: Strikes out swinging
|
Batting: RHB Marvin Workman
|
0-0: Ball 1-0: Called Strike 1-1: SINGLE (Line Drive, 89M) Nick English to second
|
Batting: LHB Stan Bates
|
0-0: Called Strike 0-1: Ball 1-1: Foul Ball, location: 2F 1-2: Ball 2-2: Ball 3-2: Base on Balls Nick English to third Marvin Workman to second
|
Batting: RHB Quincy Vance
|
0-0: Ball 1-0: SINGLE (Groundball, 56D) Nick English scores Marvin Workman to third Stan Bates to second
|
Pitching: RHP Joe Shoemaker
|
|
Batting: RHB Lorenzo González
|
0-0: Called Strike 0-1: Swinging Strike 0-2: Ball 1-2: Strikes out swinging
|
Batting: LHB Brian Ford
|
0-0: Ball 1-0: Foul Ball, location: 2F 1-1: Ground out 1-3 (Groundball, 15S)
|
Top of the 7th over - 1 run(s), 3 hit(s), 0 error(s), 3 left on base; Vancouver 5 - Santa Monica 11 |
BOTTOM OF THE 7TH |
Santa Monica Bruins batting - Pitching for Vancouver Vipers : RHP Mark Greene
|
Batting: RHB John Nelson
|
0-0: Swinging Strike 0-1: Called Strike 0-2: Ball 1-2: Ball 2-2: Foul Ball, location: 2F 2-2: Ball 3-2: Strikes out swinging
|
Batting: RHB Ernest Russell
|
0-0: Swinging Strike 0-1: Fly out, F7 (Flyball, 7S)
|
Batting: LHB Ethan Shaw
|
0-0: Called Strike 0-1: Called Strike 0-2: Ball 1-2: Foul Ball, location: 2F 1-2: Foul Ball, location: 2F 1-2: Foul Ball, location: 2F 1-2: SOLO HOME RUN (Line Drive, 89XD), Distance : 410 ft
|
Batting: SHB Zach Franks
|
0-0: Called Strike 0-1: Ball 1-1: Ball 2-1: Foul Ball, location: 2F 2-2: SINGLE (Line Drive, 6MD)
|
Batting: LHB Ken Phillips
|
0-0: Ball 1-0: Ball 2-0: Foul Ball, location: 2F 2-1: Called Strike 2-2: Ball 3-2: Fly out, F8 (Flyball, 8RM)
|
Bottom of the 7th over - 1 run(s), 2 hit(s), 0 error(s), 1 left on base; Vancouver 5 - Santa Monica 12 |
TOP OF THE 8TH |
Vancouver Vipers batting - Pitching for Santa Monica Bruins : RHP Joe Shoemaker
|
Batting: RHB Axel Guimont
|
0-0: Ball 1-0: Ball 2-0: Called Strike 2-1: Ball 3-1: Called Strike 3-2: Base on Balls
|
Batting: LHB Mike Williams
|
0-0: Ball 1-0: Fly out, F8 (Flyball, 78D)
|
Batting: LHB Nick English
|
0-0: Ball 1-0: Fielders Choice at 2nd, 3-6 (Groundball, 34)
|
Batting: RHB Walton Smith
|
0-0: Ball 1-0: Fly out, F8 (Flyball, 8LM)
|
Top of the 8th over - 0 run(s), 0 hit(s), 0 error(s), 1 left on base; Vancouver 5 - Santa Monica 12 |
BOTTOM OF THE 8TH |
Santa Monica Bruins batting - Pitching for Vancouver Vipers : RHP Mark Greene
|
Pitching: RHP Sergio Romo
|
|
Batting: SHB Ken Hernández
|
0-0: Called Strike 0-1: Foul Ball, location: 2F 0-2: Ball 1-2: SINGLE (Line Drive, 78S)
|
Batting: RHB Jake Reeves
|
0-0: Called Strike 0-1: Fly out, F9 (Flyball, 9)
|
Batting: SHB Adrián Nieto
|
0-0: Called Strike Ken Hernández steals 2nd base 0-1: Ball 1-1: Ball 2-1: Foul Ball, location: 2F 2-2: Ground out 4-3 (Groundball, 4) Ken Hernández to third
|
Batting: RHB Bonifacio Torres
|
0-0: Ball 1-0: Swinging Strike 1-1: Ball 2-1: Called Strike 2-2: SINGLE (Flyball, 7S) Ken Hernández scores
|
Batting: RHB John Nelson
|
0-0: Ball 1-0: Called Strike 1-1: Ball 2-1: Ball 3-1: Base on Balls Bonifacio Torres to second
|
Batting: RHB Ernest Russell
|
0-0: Ball 1-0: SINGLE (Groundball, 56D) Bonifacio Torres to third John Nelson to second Runner from 3rd tries for Home, SAFE, no throw
|
Batting: LHB Ethan Shaw
|
0-0: Ball 1-0: Ball 2-0: Foul Ball, location: 2F 2-1: SINGLE (Groundball, 4MD) John Nelson to third Ernest Russell to second Runner from 3rd tries for Home, SAFE, no throw
|
Pitching: RHP Pedro Días
|
|
Batting: SHB Zach Franks
|
0-0: Ball 1-0: Called Strike 1-1: Ball 2-1: Ground out 3-1 (Groundball, 3S)
|
Bottom of the 8th over - 3 run(s), 4 hit(s), 0 error(s), 2 left on base; Vancouver 5 - Santa Monica 15 |
TOP OF THE 9TH |
Vancouver Vipers batting - Pitching for Santa Monica Bruins : RHP Joe Shoemaker
|
Batting: RHB Marvin Workman
|
0-0: Ball 1-0: Swinging Strike 1-1: Ball 2-1: Ground out 6-3 (Groundball, 6)
|
Batting: LHB Stan Bates
|
0-0: Called Strike 0-1: Foul Ball, location: 2F 0-2: Foul Ball, location: 2F 0-2: Foul Ball, location: 2F 0-2: Ball 1-2: Ball 2-2: Foul Ball, location: 2F 2-2: Foul Ball, location: 2F 2-2: Ball 3-2: Strikes out swinging
|
Batting: RHB Quincy Vance
|
0-0: Ground out U3 (Groundball, 3)
|
Top of the 9th over - 0 run(s), 0 hit(s), 0 error(s), 0 left on base; Vancouver 5 - Santa Monica 15 |
|